 Dungeon Crawl Stone Soup version 0.27-a0-1051-g288ea87c7c (webtiles) character file.

Game seed: 13110283498926698264

154 snetch the Chopper (level 5, -1/47 HPs)
             Began as a Hill Orc Monk on Apr 20, 2021.
             Slain by an iguana (5 damage)
             ... on level 2 of the Dungeon on Apr 21, 2021.
             The game lasted 00:06:24 (2197 turns).

snetch the Chopper (Hill Orc Monk)                  Turns: 2197, Time: 00:06:25

Health: -1/47      AC:  9    Str: 15    XL:     5   Next: 36%
Magic:  0/5        EV:  7    Int: 10    God:
Gold:   70         SH:  0    Dex: 13    Spells: 4/4 levels left

rFire    . . .     SeeInvis .   a - +0 hand axe
rCold    . . .     Faith    .   (no shield)
rNeg     . . .     Spirit   +   o - +0 chain mail
rPois    .         Reflect  .   (no helmet)
rElec    .         Harm     .   n - +0 cloak
rCorr    .         Rampage  .   (no gloves)
Will     .....                  (no boots)
Stlth    ..........             c - amulet of guardian spirit
HPRegen  0.15/turn              (no ring)
MPRegen  0.09/turn              (no ring)

@: lethally poisoned (-1 -> -3), hasted and slowed
A: no striking features
a: no special abilities


You were on level 2 of the Dungeon.
You visited 1 branch of the dungeon, and saw 3 of its levels.

You collected 70 gold pieces.

Inventory:

Hand Weapons
 a - a +0 hand axe (weapon)
Missiles
 e - 26 bolts
 g - 6 boomerangs
 h - 53 stones (quivered)
 m - 23 arrows
Armour
 n - a +0 cloak (worn)
 o - a +0 chain mail (worn)
Jewellery
 c - an amulet of guardian spirit (around neck)
Scrolls
 d - a scroll of teleportation {unknown}
 j - a scroll of identify {unknown}
Potions
 f - a potion of mutation {unknown}
 i - a potion of curing {unknown}
 k - a potion of resistance {unknown}
 l - a potion of degeneration {unknown}


   Skills:
 + Level 4.5 Fighting
 + Level 6.0 Axes
 + Level 1.4 Armour
 + Level 3.0 Dodging
 + Level 1.7 Stealth


You had 4 spell levels left.
You didn't know any spells.
Your spell library contained the following spells:

 Spells                   Type           Power      Damage    Failure   Level
 Freeze                   Ice            0%         1d3       100%        1
 Frozen Ramparts          Ice            0%         1d2       100%        3
 Ozocubu's Armour         Ice            0%         N/A       100%        3
 Hailstorm                Conj/Ice       0%         3d3       100%        4
 Metabolic Englaciation   Hex/Ice        0%         N/A       100%        5


Dungeon Overview and Level Annotations

Branches:
Dungeon (3/15)

Altars:

Shops:
D:1 *


Message History

The iguana is lightly wounded.
The iguana barely misses you.
You hit the iguana.
The iguana is moderately wounded.
The iguana bites you.
You barely miss the iguana.
The iguana is moderately wounded.
The iguana closely misses you.
You hit the iguana.
The iguana is heavily wounded.
The iguana closely misses you.
You hit the iguana but do no damage.
The iguana is heavily wounded.
The iguana bites you but does no damage.
You closely miss the iguana.
The iguana is heavily wounded.
The iguana barely misses you.
The kobold brigand throws a curare-tipped dart.
The curare-tipped dart hits you.
You are poisoned.
You have difficulty breathing.
You feel yourself slow down.
You feel very sick. The iguana bites you. x2
You climb upwards.
* * * LOW HITPOINT WARNING * * *
You feel very sick.
There is a stone staircase leading down here.
You hit the iguana.
The iguana is severely wounded.
You feel very sick.
The iguana bites you but does no damage.
You hit the iguana but do no damage.
The iguana is severely wounded.
You feel sick. The iguana bites you.
* * * LOW HITPOINT WARNING * * *
The iguana bites you but does no damage.
Unknown command.
It was a potion of haste.
You feel yourself speed up.
You feel sick. The iguana bites you!
You die...

#+# #.# ##
#.# .. ##.##
#.##...######
#...l@.......
#.##.†.######
##.## #.# #.#
#.# #.# #.#
#.#


You could see an iguana.

Vanquished Creatures
  A necrophage (D:2)
  3 adders (D:2)
  2 dart slugs (D:1)
  4 endoplasms
  A giant cockroach (D:1)
  3 goblins (D:1)
  2 hobgoblins
  10 jackals (D:2)
  3 quokkas
  3 ball pythons (D:2)
  3 bats
  A frilled lizard (D:1)
  A kobold (D:1)
  4 rats
41 creatures vanquished.

Notes
Turn   | Place    | Note
-------+----------+-------------------------------------------
     0 | D:1      | snetch the Hill Orc Monk began the quest for the Orb.
     0 | D:1      | Reached XP level 1. HP: 19/19 MP: 1/1
   358 | D:1      | Reached XP level 2. HP: 26/27 MP: 2/2
   533 | D:1      | Found a faded altar of an unknown god.
   755 | D:1      | Found Ujoyzxos's Assorted Antiques.
   828 | D:1      | Reached XP level 3. HP: 31/33 MP: 3/3
  1210 | D:2      | Reached skill level 5 in Axes
  1341 | D:2      | Noticed a necrophage
  1367 | D:2      | Killed a necrophage
  1368 | D:2      | Reached skill level 1 in Armour
  1368 | D:2      | Reached XP level 4. HP: 9/41 MP: 2/4
  1368 | D:2      | Reached XP level 5. HP: 10/47 MP: 2/5
  1947 | D:2      | Reached skill level 6 in Axes
  2018 | D:3      | Noticed a kobold brigand
  2197 | D:2      | Slain by an iguana

Illustrated notes

Levels and vault maps discovered:
D:1:      mrwooster_arrival_statue_3, layout_loops_ring, serial_shops,
          nicolae_shop_behind_doors, basic_ecumenical_altar
D:2:      layout_loops_corners, minmay_between
D:3:      layout_loops_cross

Skill      XL: |  1  2  3  4  5 |
---------------+----------------+-----
Fighting       | 4 |  4.5
Axes           | 5 6 |  6.0
Armour         | 1 |  1.4
Dodging        | 3 |  3.0
Stealth        | |  1.7

Action                   |  1- 3 |  4- 6 || total
-------------------------+-------+-------++-------
Melee: Hand axe          |   115 |    45 ||   160
  Use: Potion            |       |     1 ||     1
 Stab: Sleeping          |     1 |       ||     1
Armor: Robe              |     2 |       ||     2
       Ring mail         |    48 |     7 ||    55
       Chain mail        |       |    11 ||    11
Dodge: Dodged            |    74 |    21 ||    95

Table legend: (Time is in decaauts)
 A = Elapsed time spent in this place.
 B = Non-inter-level travel time spent in this place.
 C = Inter-level travel time spent in this place.
 D = Time resting spent in this place.
 E = Time spent auto-exploring this place.
 F = Levels seen in this place.
 G = Mean time per level.
                   A        B        C        D        E       F      G
               +--------+--------+--------+--------+--------+-----+--------+
         Total |   2217 |   2166 |     51 |    158 |   1512 |   3 |  739.0 |
       Dungeon |   2217 |   2166 |     51 |    158 |   1512 |   3 |  739.0 |
               +--------+--------+--------+--------+--------+-----+--------+

Top non-repeatable levels by time:
     D:2: 1124 daAuts
     D:1: 1079 daAuts
     D:3: 13 daAuts
